 Dungeon Crawl Stone Soup version 0.21-a0-227-g58a7c62 (webtiles) character file.

84 Gorglomux the Changer (level 4, 0/32 HPs)
             Began as a Gnoll Transmuter on Aug 30, 2017.
             Killed by nerve-wracking pain
             ... invoked by a shadow imp
             ... summoned by Natasha
              (12 damage)
             ... on level 2 of the Dungeon.
             The game lasted 00:03:26 (2424 turns).

Gorglomux the Changer (Gnoll Transmuter)            Turns: 2424, Time: 00:03:27

Health: 0/32       AC:  2    Str:  7    XL:     4   Next: 45%
Magic:  9/9        EV: 12    Int:  7    God:
Gold:   100        SH:  0    Dex:  7    Spells: 3/9 levels left

rFire    . . .     SeeInvis .     - Unarmed
rCold    . . .     Gourm    .   (no shield)
rNeg     . . .     Faith    .   n - +0 robe (curse)
rPois    .         Spirit   .   (no helmet)
rElec    .         Reflect  .   (no cloak)
rCorr    .         Harm     .   (no gloves)
MR       .....                  (no boots)
Stlth    +.........             (no amulet)
HPRegen  0.10/turn              (no ring)
MPRegen  0.11/turn              (no ring)

@: confused, mighty, brilliant, very slightly contaminated, slowed, very slow
A: unchanging attributes, fangs 1, strong nose
a: no special abilities


You were on level 2 of the Dungeon.
You were hungry.

You visited 1 branch of the dungeon, and saw 2 of its levels.

You collected 100 gold pieces.

Inventory:

Missiles
 a - 12 arrows
Armour
 n - a cursed +0 robe (worn)
 w - a +0 buckler
Scrolls
 g - a scroll of enchant armour {unknown}
 k - a scroll of fear {unknown}
 l - a scroll of recharging {unknown}
 m - a scroll of amnesia {unknown}
 q - a scroll of noise {unknown}
 t - a scroll of enchant weapon {unknown}
 x - a scroll of random uselessness {unknown}
 y - a scroll of identify {unknown}
 A - a scroll of magic mapping {unknown}
 B - a scroll of blinking {unknown}
 D - a scroll of remove curse {unknown}
 E - a scroll of fog {unknown}
Potions
 v - a potion of invisibility {unknown}
Books
 c - a book of Changes

   Spells                             Type                      Level
   a - Beastly Appendage              Transmutation                1
   b - Sticks to Snakes               Transmutation                2
   c - Spider Form                    Transmutation/Poison         3
   d - Ice Form                       Ice/Transmutation            4
   e - Blade Hands                    Transmutation                5
Comestibles
 d - 2 bread rations
 h - 4 fruits
 z - a meat ration
 F - a chunk of flesh


   Skills:
 - Level 1.3 Fighting
 - Level 2.6 Dodging
 - Level 4.0 Unarmed Combat
 + Level 3.4 Spellcasting
 + Level 5.1 Transmutations
 - Level 2.3 Poison Magic


You had 3 spell levels left.
You knew the following spells:

 Your Spells              Type           Power        Failure   Level  Hunger
a - Beastly Appendage     Tmut           ##....       1%          1    ##.....
b - Sticks to Snakes      Tmut           ##......     1%          2    ###....
c - Spider Form           Tmut/Pois      ##........   2%          3    ####...


Dungeon Overview and Level Annotations

Branches:
Dungeon (2/15)

Altars:

Annotations:
D:2 Jessica, Natasha


Innate Abilities, Weirdness & Mutations

Your physical attributes are unchanging.
You have very sharp teeth.
Your uncanny sense of smell can sniff out nearby items.


Message History

It was a potion of ambrosia!
You are confused!
You feel invigorated! Jessica hits you with a dagger! The quokka misses you!
Jessica misses you!
Natasha mumbles some strange words!
The quokka barely misses you! Jessica closely misses you!
You closely miss Butt! Jessica misses you! The quokka bites you!
The crimson imp closely misses you!
Jessica hits you with a dagger! * * * don't die
* * * You squash Jessica like an ant!
Jessica is heavily wounded!
The quokka butt-ly misses you! Jessica barely misses you!
The crimson imp butt-ly misses you!
The quokka bites butt! * * * don't die
* * * Jessica hits you with a dagger! * * * don't die
* * * You bump into the rock wall!
The shadow imp gestures at butt!
Pain shoots through your body!!! rip

#. #. .# .# ####
##.# ...##..#
......# #####....#
#. ##@rh##...#####.
#..#55@..#.........
#..#.....'..#######
#..#.....#..#
#..##?!!##).#
#..#####..##
#........##
#.......##
#....#.%#


You could see Natasha, a crimson imp, a shadow imp, Jessica and a quokka.

Vanquished Creatures
  Natasha (D:2)
  3 dart slugs
  3 leopard geckos
  6 bats
  7 giant cockroaches
  4 goblins
  5 hobgoblins
  3 jackals (D:1)
  5 kobolds
  A quokka (D:2)
  A ball python (D:2)
  A frilled lizard (D:2)
  5 rats
45 creatures vanquished.

Notes
Turn   | Place    | Note
-------+----------+-------------------------------------------
     0 | D:1      | Gorglomux the Gnoll Transmuter began the quest for the Orb.
     0 | D:1      | Reached XP level 1. HP: 15/15 MP: 4/4
    31 | D:1      | Reached skill level 3 in Transmutations
   301 | D:1      | Reached XP level 2. HP: 13/21 MP: 4/6
   309 | D:1      | Learned a level 2 spell: Sticks to Snakes
   979 | D:1      | Reached skill level 4 in Transmutations
  1346 | D:1      | Reached XP level 3. HP: 25/26 MP: 5/7
  1654 | D:1      | Learned a level 3 spell: Spider Form
  1701 | D:2      | Reached skill level 1 in Poison Magic
  2385 | D:2      | Reached XP level 4. HP: 32/32 MP: 4/8
  2389 | D:2      | Noticed Natasha
  2396 | D:2      | Killed Natasha
  2396 | D:2      | Reached skill level 5 in Transmutations
  2398 | D:2      | Noticed Jessica
  2418 | D:2      | Noticed Natasha
  2424 | D:2      | Killed from afar by a shadow imp

Vault maps used:
D:1:      saegor_arrival_simple_b, minmay_ruptured
D:2:      first_bread, serial_co_window_serial, co_window_corner_a,
          co_window_corner_a, co_window_of_opportunity_a, co_window_corner_a,
          co_window_paths_b, co_window_2corner, co_window_broadway_b,
          co_window_of_opportunity_b, co_window_corner_cb, co_window_2corner,
          co_window_paths_d, co_window_4corner_b, glass_columns_a,
          glass_columns_a, kennysheep_jessica_study, uniq_natasha

Skill      XL: |  1  2  3  4 |
---------------+-------------+-----
Transmutations | 3 4 5 |  5.1
Poison Magic   | 2 |  2.3
Fighting       | |  1.3
Dodging        | |  2.6
Unarmed Combat | |  4.0
Spellcasting   | |  3.4

Action                   |  1- 3 |  4- 6 || total
-------------------------+-------+-------++-------
Melee: Unarmed           |   198 |    17 ||   215
       Kick              |     9 |       ||     9
       Bite              |     6 |       ||     6
       Headbutt          |     2 |       ||     2
       Punch             |     1 |       ||     1
 Cast: Beastly Appendage |    17 |       ||    17
       Spider Form       |     9 |       ||     9
  Use: Potion            |       |     5 ||     5
  Eat: Chunk             |     7 |       ||     7
Armor: Robe              |    38 |     2 ||    40
       Skin              |     2 |       ||     2
Dodge: Dodged            |   143 |    31 ||   174

Table legend:
 A = Spawn XP
 B = Non-spawn XP
 C = Spawn XP percentage of total XP
 D = Spawn monster count
 E = Non-spawn monster count
 F = Spawn count percentage of total count
 G = Total turns spent on level
                    A         B        C        D         E        F      G
               +---------+---------+-------+---------+---------+-------+---------
         Total |      15 |     105 |  12.5 |       7 |      38 |  15.6 |  2424
               +---------+---------+-------+---------+---------+-------+---------
           D:1 |       7 |      39 |  15.2 |       4 |      18 |  18.2 |  1667
           D:2 |       8 |      66 |  10.8 |       3 |      20 |  13.0 |   757
               +---------+---------+-------+---------+---------+-------+---------
